[Event "XTX Markets London Masters 2024"]
[Site "London"]
[Date "2024.11.29"]
[Round "1.23"]
[White "Czopor, Maciej"]
[Black "Dignam, Matthew"]
[Result "1-0"]
[ECO "E73"]
[WhiteElo "2383"]
[BlackElo "2123"]
[Annotator "TA"]
[PlyCount "103"]
[EventDate "2024.11.28"]
[EventType "swiss"]
[EventCountry "ENG"]
[SourceTitle "playchess.com"]
[Source "ChessBase"]
[SourceQuality "1"]
[TimeControl "40/5400+30:1800+30"]

1. d4 Nf6 2. c4 g6 3. Nc3 Bg7 4. e4 d6 5. Be2 O-O 6. Be3 e5 7. d5 Na6 8. h4 Nc5 9. Qc2 c6 10. h5 cxd5 {[%emt 0:00:27] The position is equal.} 11. cxd5 Qa5 12. h6 Bh8 13. f3 Nh5 14. a3 Ng3 15. b4 Qd8 {[%emt 0:01:48] [#] White must now prevent ...Ncxe4.} 16. Rh2 Nxe2 17. Ngxe2 (17. bxc5 Nd4 18. Qa2 dxc5 $17) 17... Na6 18. g4 Nc7 {[%emt 0:11:55] Dodges Nb5} 19. Kd2 Bf6 20. Qd3 Bd7 21. a4 Bg5 22. Rhh1 a5 (22... Bxe3+ $11 23. Qxe3 Ne8) 23. b5 $14 Rc8 24. Nd1 Na8 25. Nb2 Nb6 26. Rac1 Qf6 27. Bxg5 ({White should try} 27. Rhf1 $16) 27... Qxg5+ $11 28. Qe3 {[%emt 0:00:02] The board is on fire.} Qxe3+ 29. Kxe3 Rxc1 $2 (29... f5 $11) 30. Rxc1 $18 Rc8 {[%emt 0:00:08] Prevents Nc4.} (30... f5 $142) 31. g5 {[%emt 0:01:44] Hoping for Rxc8+.} f6 (31... f5 $142 32. Rxc8+ (32. gxf6 Kf7 $16) 32... Nxc8) 32. f4 (32. gxf6 $6 g5 $16) 32... exf4+ 33. Kxf4 fxg5+ $2 (33... Kf7 $16) 34. Kxg5 Re8 (34... Kf8 $142 35. Rxc8+ Bxc8) 35. Ng3 $2 (35. Nc4 $18 Nxc4 36. Rxc4) 35... Rf8 $2 (35... Re5+ $16 36. Kh4 (36. Kf6 $2 Bxb5 37. Rc7 Nd7+ 38. Rxd7 Bxd7 $19) 36... g5+ 37. Kh5 Be8+ 38. Kg4 Bd7+ 39. Kf3 Re7) 36. Rc7 Rf3 37. Rxb7 (37. Ne2 Rf2) 37... Rxg3+ 38. Kf4 (38. Kf6 $18 {is more deadly.} Rf3+ 39. Ke7 Rf7+ 40. Kd8 (40. Kxd6 Nc8+ 41. Kc5 g5 $18) 40... Bxb5 41. Rxb6) 38... Rg2 $16 39. Nd3 $2 (39. Rxb6 $18 g5+ 40. Ke3 Rxb2 41. Rxd6) 39... g5+ $11 (39... Nxa4 40. Rxd7 Rd2 41. b6 (41. Ke3 Rxd3+ 42. Kf4 g5+ 43. Kg4 Nc5 $11) 41... Nxb6 (41... Rxd3 $2 42. b7 $18) 42. Rxd6 Rxd3 43. Rxb6 $18) 40. Kf3 $1 Rd2 41. Nf2 {[%emt 0:30:41] Against g4+} g4+ $2 (41... Nc4 $1 $11 {and Black has nothing to worry.} 42. Rxd7 Ne5+ 43. Ke3 Nc4+ 44. Kf3 Ne5+ 45. Ke3 Nc4+ 46. Kf3) 42. Kg3 $18 ({Not} 42. Nxg4 Bxg4+ (42... Nxa4 $2 {too greedy.} 43. Rxd7 Kf8 44. Nf6 $18) 43. Kxg4 Nxa4 $11) 42... Nxd5 (42... Rc2 $142 43. Rxb6 Rc3+ 44. Kg2 Kf7 45. Rxd6 Ke7) 43. exd5 {[%emt 0:00:00][%mdl 4096] Endgame. KRB-KRN} Bf5 44. b6 Rb2 45. Nxg4 Kf8 46. Ne3 (46. Nf6 $142 Rb1 47. Rc7 (47. Nxh7+ Bxh7 48. Rxh7 Rxb6 $18)) 46... Be4 (46... Bd3 $142 47. Ng4 Ba6 48. Rxh7 Rxb6) 47. Kf4 Rb4 48. Kg5 {[%emt 0:00:00] [#] White threatens Kf6 and mate.} Ke8 49. Nf5 {[%emt 0:00:00] White mates.} Bxd5 50. Rxh7 Bg8 51. Rg7 Kf8 52. b7 {[%emt 0:00:00] Weighted Error Value: White=0.48/Black=0.52.  Loses game:     	---       	Black=3      Missed win:     	White=2     	---        Mistake:       	White=2     	Black=6      Inaccurate:     	White=4     	Black=1      OK:         	White=11    	Black=13     Best:        	White=4     	Black=4      Strong:       	White=1     	---} 1-0

[Event "XTX Markets London Masters 2024"]
[Site "London"]
[Date "2024.11.29"]
[Round "1.24"]
[White "Stone, Andrew M"]
[Black "Balaji, Aaravamudhan"]
[Result "1/2-1/2"]
[ECO "A29"]
[WhiteElo "2118"]
[BlackElo "2377"]
[Annotator "TA"]
[PlyCount "56"]
[EventDate "2024.11.28"]
[EventType "swiss"]
[EventCountry "ENG"]
[SourceTitle "playchess.com"]
[Source "ChessBase"]
[SourceQuality "1"]
[TimeControl "40/5400+30:1800+30"]

1. c4 e5 2. Nc3 Nc6 3. Nf3 Nf6 4. g3 g6 5. d4 exd4 6. Nxd4 Bg7 7. Nxc6 bxc6 8. Bg2 Ng4 9. Qc2 O-O 10. O-O Ne5 11. b3 d6 12. Bb2 h5 (12... Rb8 $14 {was preferable.}) 13. Rad1 h4 14. Nb1 {[%emt 0:09:07] White is more active.} ({White should try} 14. Qd2 $16) 14... h3 15. Bh1 $1 {[%emt 0:00:59] f4 would now be deadly.} Bd7 16. Nd2 Qe7 17. Nf3 Bf5 18. Qd2 Nxf3+ 19. Bxf3 Bxb2 20. Qxb2 Be4 $1 21. Qd4 Bxf3 (21... Rfe8 {simplifies} 22. Qxe4 Qxe4 23. Bxe4 Rxe4 24. Rfe1 Rae8) 22. exf3 Qe2 23. Qc3 $1 Rfe8 $2 {[%emt 0:01:04][%mdl 8192] [#]} (23... Qxa2 $2 {is the wrong capture.} 24. Ra1 $18) (23... Qe5 $11 24. Qxe5 dxe5) 24. Rde1 $1 $18 Qxa2 {[%emt 0:00:50] [#]} 25. Ra1 $1 Qe2 26. Rae1 Qa2 {[%emt 0:00:12] aiming for ...Rab8.} 27. Ra1 $1 Qe2 28. Rae1 $2 (28. Rfe1 $18) 28... Qa2 1/2-1/2

[Event "XTX Markets London Masters 2024"]
[Site "London"]
[Date "2024.11.29"]
[Round "1.25"]
[White "Thorfinnsson, Bjorn"]
[Black "Merriman, James"]
[Result "1-0"]
[ECO "A48"]
[WhiteElo "2370"]
[BlackElo "2084"]
[Annotator "TA"]
[PlyCount "113"]
[EventDate "2024.11.28"]
[EventType "swiss"]
[EventCountry "ENG"]
[SourceTitle "playchess.com"]
[Source "ChessBase"]
[SourceQuality "1"]
[TimeControl "40/5400+30:1800+30"]

1. d4 Nf6 2. Nf3 c5 3. c3 g6 4. Bg5 Bg7 5. e3 O-O 6. Nbd2 b6 7. Qc2 d5 8. h3 Bf5 9. Bd3 {[%emt 0:00:09] The position is equal.} Bxd3 10. Qxd3 Nc6 11. O-O Qd7 12. Bxf6 Bxf6 13. dxc5 $1 bxc5 14. Ne4 c4 15. Nxf6+ exf6 16. Qc2 Ne5 17. Nxe5 fxe5 18. Rfd1 Qc6 19. Rd2 Rfd8 20. Rad1 f5 21. b3 Rac8 22. b4 a5 23. a4 axb4 24. cxb4 c3 25. Rd3 Qc4 26. b5 d4 27. f4 Ra8 (27... exf4 $11 28. exd4 Re8) 28. fxe5 {[%emt 0:01:25] [#] aiming for b6.} (28. b6 {looks sharper.} Qxa4 29. Rxc3 Rdb8 30. exd4 exd4 31. Qb3+) 28... Qxa4 29. Rxc3 {[%emt 0:05:43] Qxa4 would now be deadly.} Qxc2 30. Rxc2 dxe3 $14 {[%emt 0:00:16][%mdl 4096] Endgame. KRR-KRR} 31. Rb1 Rd2 32. Rxd2 exd2 $11 {[%emt 0:00:04] KR-KR} 33. Kf2 Kf7 34. Ke2 {[%emt 0:00:09][%cal Ob5b6] Threatens to win with b6!} Rd8 $2 (34... Ke6 $11 {and Black has nothing to worry.}) 35. b6 $18 Ke6 36. b7 d1=Q+ 37. Rxd1 Rb8 38. Rb1 Kxe5 {[%emt 0:00:06] [#]} 39. h4 {[%emt 0:02:53] Ke3 is the strong threat.} h6 40. Ke3 {[%emt 0:01:44] Hoping for Rb5+.} g5 41. h5 (41. Rb5+ $18 {and White stays clearly on top.} Kd6 42. hxg5 (42. Rxf5 Rxb7 43. Rf6+ Kd5 $14) 42... hxg5 43. Kf2 (43. Rxf5 Rxb7 44. Rf8 Ke6 $11)) 41... f4+ (41... Kd5 $16 {was worth a try.}) 42. Kf3 Kd5 43. Rb6 Ke5 $2 (43... Kd4 44. Kg4 (44. Rxh6 Rxb7 45. Rg6 Rb3+ 46. Kf2 Ke4 $11) 44... Ke5) 44. Kg4 ({Weaker is} 44. Rxh6 Rxb7 45. Kg4 Rb3 46. Kxg5 Rb2 $11 (46... Rg3+ 47. Kh4 $11)) 44... Ke4 45. Rxh6 Rxb7 46. Re6+ ({Less strong is} 46. Kxg5 Rb5+ 47. Kg4 Ke5 $14) 46... Kd5 47. Re2 Rf7 48. h6 f3 49. gxf3 {[%emt 0:00:32] White mates.} Rf4+ 50. Kg3 Rf8 51. h7 Rh8 52. Re7 Kd6 53. Ra7 Ke6 54. Kg4 Kf6 55. Kh5 Kf5 56. Rf7+ Ke6 57. Kg6 {[%emt 0:00:06] Weighted Error Value: White=0.07 (flawless) /Black=0.32.  Loses game:     	---       	Black=1      Mistake:       	White=1     	Black=3      Inaccurate:     	White=2     	Black=1      OK:         	White=17    	Black=14     Best:        	White=6     	Black=4      Strong:       	White=1     	---} 1-0

[Event "XTX Markets London Masters 2024"]
[Site "London"]
[Date "2024.11.29"]
[Round "1.26"]
[White "Patel, Zain"]
[Black "Tanmay Chopra"]
[Result "1/2-1/2"]
[ECO "D05"]
[WhiteElo "2083"]
[BlackElo "2361"]
[Annotator "TA"]
[PlyCount "122"]
[EventDate "2024.11.28"]
[EventType "swiss"]
[EventCountry "ENG"]
[SourceTitle "playchess.com"]
[Source "ChessBase"]
[SourceQuality "1"]
[TimeControl "40/5400+30:1800+30"]

1. d4 Nf6 2. Nf3 d5 3. e3 e6 4. Bd3 c5 5. b3 Nc6 6. O-O b6 7. Bb2 Bb7 8. a3 Bd6 9. dxc5 bxc5 10. c4 O-O 11. Nbd2 Re8 12. Re1 d4 13. exd4 Nxd4 14. Bxd4 cxd4 15. Ne4 Nxe4 16. Bxe4 Bxe4 17. Rxe4 e5 18. Nxd4 exd4 19. Rxd4 Be5 $1 ({Much worse is} 19... Re6 20. c5 Bxh2+ 21. Kxh2 Qc7+ 22. g3 (22. Rd6 Rd8 $11) 22... Qxc5 23. b4 $14) 20. Rxd8 Raxd8 21. Qc1 Bxa1 22. Qxa1 Rd3 $1 23. g3 Rxb3 24. a4 Rb4 25. Qd4 Rxa4 26. Qd7 Ra1+ ({Worse is} 26... Rxc4 27. Qxe8#) 27. Kg2 Rf8 28. c5 a5 29. c6 Rc1 30. c7 g6 31. h4 a4 32. Qxa4 Rxc7 33. h5 gxh5 34. Qb5 f5 35. Qe2 h4 36. gxh4 Rg7+ 37. Kh3 Rg6 38. h5 Rgf6 39. f4 h6 40. Kh4 R8f7 41. Qe5 Kh7 42. Qe8 Rg7 43. Qe5 Rgf7 44. Qe8 Kg7 45. Qe5 Kg8 46. Qe8+ Rf8 47. Qe7 Rc6 48. Qd7 Rcf6 49. Qe7 R8f7 50. Qe8+ Kg7 51. Qe5 Rd7 52. Qe8 Rc7 53. Qd8 Rb7 54. Qc8 Re7 55. Qd8 Ree6 56. Qd7+ Kg8 57. Qc8+ Kf7 58. Qd7+ Kf8 59. Qd8+ Kf7 60. Qd7+ Re7 61. Qd8 Ree6 1/2-1/2

[Event "XTX Markets London Masters 2024"]
[Site "London"]
[Date "2024.11.29"]
[Round "1.27"]
[White "Derakhshani, Borna"]
[Black "Sivanandan, Bodhana"]
[Result "1-0"]
[ECO "B12"]
[WhiteElo "2355"]
[BlackElo "2082"]
[Annotator "TA"]
[PlyCount "91"]
[EventDate "2024.11.28"]
[EventType "swiss"]
[EventCountry "ENG"]
[SourceTitle "playchess.com"]
[Source "ChessBase"]
[SourceQuality "1"]
[TimeControl "40/5400+30:1800+30"]

1. e4 c6 2. d4 d5 3. e5 Bf5 4. Nf3 e6 5. Be2 c5 6. Be3 Qb6 7. Nc3 Nc6 8. Na4 Qa5+ 9. c3 c4 10. b4 (10. Nh4 $5) 10... Qd8 (10... Bxb4 $5 11. cxb4 Nxb4 $14) 11. O-O Bg4 12. h3 Bxf3 13. Bxf3 Nge7 14. Bg4 g6 15. Bg5 Bg7 16. Nc5 Qc8 $1 17. Bf6 $1 $36 {[%emt 0:32:20][%mdl 2048] White fights for an advantage.} Bxf6 18. exf6 Nf5 {[%emt 0:02:02] [#]} (18... b6 $16) 19. Bxf5 $1 $18 gxf5 20. Qh5 Nd8 21. b5 b6 22. Na6 Rg8 $2 {[%emt 0:02:06] Black is weak on the dark squares} (22... h6 {was called for.} 23. Rae1 Kf8) 23. Qxh7 Rg6 24. Rfe1 Kd7 25. Nb4 Qc7 {[%emt 0:03:35] [#]} 26. Nxd5 $1 Qd6 27. Ne3 Qf8 28. Nxc4 {[%emt 0:00:50] Strongly threatening Ne5+.} Rxf6 (28... Rh6 $142) 29. Qh4 Qh6 30. Qg3 Qf8 31. Rad1 f4 32. Qf3 Rc8 33. Ne5+ Kc7 34. c4 Rf5 {[%emt 0:00:32] [#]} 35. c5 $1 Qe8 (35... Rxe5 36. Qxf4) 36. cxb6+ Kxb6 37. Qa3 {[%emt 0:00:11] White threatens Qa6+ and mate.} Kb7 38. Qa6+ Kb8 39. Rc1 Rxc1 40. Rxc1 Nb7 41. Nc6+ Kc7 42. Nxa7+ Kb8 43. Nc6+ Kc7 44. Ne5+ Kb8 45. b6 f6 46. Qa7# 1-0

[Event "XTX Markets London Masters 2024"]
[Site "London"]
[Date "2024.11.29"]
[Round "1.28"]
[White "Hanache, Kai"]
[Black "Wells, Peter K"]
[Result "1/2-1/2"]
[ECO "B31"]
[WhiteElo "2080"]
[BlackElo "2351"]
[Annotator "TA"]
[PlyCount "62"]
[EventDate "2024.11.28"]
[EventType "swiss"]
[EventCountry "ENG"]
[SourceTitle "playchess.com"]
[Source "ChessBase"]
[SourceQuality "1"]
[TimeControl "40/5400+30:1800+30"]

1. e4 c5 2. Nf3 Nc6 3. Bb5 g6 4. O-O Bg7 5. c3 Nf6 6. e5 Nd5 7. d4 Nc7 8. Bxc6 dxc6 9. h3 cxd4 {[%emt 0:04:03] The position is equal.} 10. cxd4 O-O 11. Nc3 b6 12. Qc2 Bf5 13. Qe2 Qd7 14. Rd1 Rac8 15. Bf4 Nd5 16. Bg3 Rfd8 17. Rac1 Bh6 18. Ra1 Qb7 19. Nh2 Nxc3 20. bxc3 c5 21. dxc5 bxc5 22. Ng4 Bg7 23. Ne3 Be6 24. Qc2 Qa6 25. a4 h5 26. Bf4 Qc6 27. Rab1 Qc7 28. Qe4 Qa5 29. Qc2 Qc7 30. Qe4 $1 Qa5 31. Qc2 $1 Qc7 {[%emt 0:01:38] Weighted Error Value: White=0.11 (very precise) /Black=0.15 (very precise) .  Mistake:       	---       	Black=1      Inaccurate:     	White=4     	Black=3      OK:         	White=7     	Black=10     Best:        	---       	Black=1      Strong:       	White=2     	---} (31... Rxd1+ $17 32. Rxd1 Rd8) 1/2-1/2

[Event "XTX Markets London Masters 2024"]
[Site "London"]
[Date "2024.11.29"]
[Round "1.29"]
[White "Petrov, Vladimir Sergeev"]
[Black "Hill, Alistair"]
[Result "1/2-1/2"]
[ECO "B33"]
[WhiteElo "2349"]
[BlackElo "2076"]
[Annotator "TA"]
[PlyCount "83"]
[EventDate "2024.11.28"]
[EventType "swiss"]
[EventCountry "ENG"]
[SourceTitle "playchess.com"]
[Source "ChessBase"]
[SourceQuality "1"]
[TimeControl "40/5400+30:1800+30"]

1. e4 c5 2. Nf3 Nc6 3. d4 cxd4 4. Nxd4 Nf6 5. Nc3 e5 6. Ndb5 d6 7. Bg5 a6 8. Na3 b5 9. Nd5 Be7 10. Bxf6 Bxf6 11. c3 Bg5 12. Nc2 Rb8 13. a4 bxa4 14. Ncb4 Nxb4 15. Nxb4 Bd7 $1 {[%emt 0:01:29] Prevents Nc6.} 16. Bxa6 Qa5 17. Qxd6 Rb6 18. Qd3 Be6 {[%emt 0:01:07] ...Be7 is the strong threat. A strong pair of Bishops.} 19. O-O O-O 20. Bc4 Rd8 21. Bd5 Bxd5 $1 22. exd5 {[%emt 0:00:35] Qf5 would now be deadly.} Be7 $1 23. Qd1 ({Avoid the trap} 23. Nc6 $2 Rxc6 (23... Rxd5 $2 {too greedy.} 24. Nxe7+ Kf8 25. Nxd5 $18) 24. g3 Rcd6 $19 (24... Rxd5 $2 25. Rxa4 Rxd3 26. Rxa5 $19) (24... Qxd5 $2 25. Qxd5 Rxd5 26. Rxa4 $19)) 23... Bxb4 24. Rxa4 $1 Qxd5 25. Qxd5 Rxd5 26. Rxb4 Rxb4 27. cxb4 $11 {[%emt 0:00:05][%mdl 4096] Endgame KR-KR. White is a pawn up.} Kf8 28. Rb1 Ke7 29. Kf1 Rb5 30. Ke2 Rxb4 31. Kd3 Kd6 32. Kc3 Rf4 33. Rd1+ Kc5 34. f3 Rc4+ 35. Kd3 Rd4+ 36. Ke2 Rb4 37. Rd2 f5 38. h3 h5 39. Kd3 g5 40. Kc3 Rc4+ 41. Kb3 Rb4+ 42. Kc3 1/2-1/2

[Event "XTX Markets London Masters 2024"]
[Site "London"]
[Date "2024.11.29"]
[Round "1.30"]
[White "Rushbrooke, Remy"]
[Black "Bates, Richard A"]
[Result "0-1"]
[ECO "E67"]
[WhiteElo "2074"]
[BlackElo "2315"]
[Annotator "RC"]
[PlyCount "62"]
[EventDate "2024.11.28"]
[EventType "swiss"]
[EventCountry "ENG"]
[SourceTitle "playchess.com"]
[Source "ChessBase"]
[SourceQuality "1"]
[TimeControl "40/5400+30:1800+30"]

1. Nf3 Nf6 2. g3 g6 3. Bg2 Bg7 4. d4 O-O 5. O-O d6 6. c4 Nbd7 7. Nc3 e5 8. dxe5 dxe5 9. Qc2 c6 10. h3 Qe7 11. Rb1 Nc5 12. Be3 Bf5 13. Bxc5 Qxc5 14. e4 Be6 15. b4 Qe7 16. Nxe5 Nh5 17. Ng4 f5 18. exf5 gxf5 19. Ne3 f4 20. gxf4 Nxf4 21. Ne2 Nxh3+ 22. Bxh3 Bxh3 23. Rfe1 Rxf2 24. Kxf2 Rf8+ 25. Nf4 Rxf4+ 26. Kg1 Qg5+ 27. Kh1 Rh4 28. Qh2 Be5 29. Rb2 Bxh2 30. Rxh2 Qe5 31. Ng2 Bxg2+ 0-1

[Event "XTX Markets London Masters 2024"]
[Site "London"]
[Date "2024.11.29"]
[Round "1.31"]
[White "Fava, Lorenzo"]
[Black "Salem, Ihab"]
[Result "1/2-1/2"]
[ECO "E93"]
[WhiteElo "2300"]
[BlackElo "2071"]
[Annotator "RC"]
[PlyCount "151"]
[EventDate "2024.11.28"]
[EventType "swiss"]
[EventCountry "ENG"]
[SourceTitle "playchess.com"]
[Source "ChessBase"]
[SourceQuality "1"]
[TimeControl "40/5400+30:1800+30"]

1. c4 Nf6 2. Nf3 g6 3. Nc3 Bg7 4. e4 d6 5. d4 O-O 6. Be2 e5 7. d5 Nbd7 8. h3 Nc5 9. Qc2 a5 10. Be3 b6 11. g4 Bd7 12. O-O-O a4 13. Rdg1 c6 14. Nd2 cxd5 15. exd5 a3 16. b3 e4 17. g5 Nd3+ 18. Kb1 Nb4 19. Qd1 Nh5 20. Ndxe4 Bf5 21. Bd4 Qe7 22. f3 Nf4 23. Bxg7 Kxg7 24. Qd4+ Qe5 25. Qxe5+ dxe5 26. h4 b5 27. Re1 Nxe2 28. Rxe2 bxc4 29. bxc4 Rfc8 30. Nb5 Rxc4 31. Nbd6 Nxd5 32. Nxc4 Nc3+ 33. Kc2 Nxe2 34. Kd2 Nd4 35. Ke3 Be6 36. Nxe5 Nf5+ 37. Kf4 Bxa2 38. h5 h6 39. gxh6+ Nxh6 40. hxg6 fxg6 41. Ra1 Be6 42. Nc3 Nf5 43. Rg1 Ne7 44. Ke4 a2 45. Ra1 Ra3 46. Kd4 Nf5+ 47. Kd3 Nd6 48. Kc2 Kf6 49. Nd3 Bb3+ 50. Kd2 Nc4+ 51. Ke2 Bc2 52. Nb4 Bb3 53. Nd3 Nb6 54. Ne4+ Ke7 55. Nc1 Bc4+ 56. Kf2 Nd7 57. Ne2 Ne5 58. N2c3 Nd3+ 59. Ke3 Nb4 60. Kd2 Rb3 61. Kc1 Nd3+ 62. Kd1 Rb2 63. Nd2 Ke6 64. Nxc4 Nf2+ 65. Kc1 Nd3+ 66. Kd1 Nf2+ 67. Ke1 Nd3+ 68. Kf1 Rc2 69. Rxa2 Rxc3 70. Ra6+ Kf5 71. Ne3+ Kg5 72. Ke2 Nf4+ 73. Kf2 Nh3+ 74. Ke2 Nf4+ 75. Kf2 Nh3+ 76. Ke2 1/2-1/2

[Event "XTX Markets London Masters 2024"]
[Site "London"]
[Date "2024.11.29"]
[Round "1.32"]
[White "Franco, Gaston"]
[Black "Badacsonyi, Stanley"]
[Result "0-1"]
[ECO "C06"]
[WhiteElo "2070"]
[BlackElo "2298"]
[Annotator "RC"]
[PlyCount "94"]
[EventDate "2024.11.28"]
[EventType "swiss"]
[EventCountry "ENG"]
[SourceTitle "playchess.com"]
[Source "ChessBase"]
[SourceQuality "1"]
[TimeControl "40/5400+30:1800+30"]

1. e4 e6 2. d4 d5 3. Nd2 Nf6 4. e5 Nfd7 5. Bd3 c5 6. c3 Nc6 7. Ne2 cxd4 8. cxd4 f6 9. exf6 Nxf6 10. O-O Bd6 11. Nf3 O-O 12. Bg5 Qb6 13. Nc3 Bd7 14. Re1 Rac8 15. Ne5 Be8 16. Bxf6 Rxf6 17. Ng4 Rf8 18. Rxe6 Nxd4 19. Re3 Qxb2 20. Rb1 Qa3 21. Bxh7+ Kxh7 22. Qxd4 Bg6 23. Rh3+ Kg8 24. Qxd5+ Rf7 25. Re1 Qc5 26. Rhe3 Qxd5 27. Nxd5 Rc5 28. Re8+ Kh7 29. Nge3 Ra5 30. Rd8 Bc5 31. Re2 Ra3 32. g3 Bb1 33. Nf4 Rxa2 34. Re1 Be4 35. Ng4 Bc6 36. Nd3 Bb6 37. Rd6 Bb5 38. Re5 Bxd3 39. Rh5+ Kg8 40. Rxd3 Bxf2+ 41. Nxf2 Rfxf2 42. Rd8+ Kf7 43. Rd7+ Kg6 44. Rb5 Rg2+ 45. Kh1 Rxh2+ 46. Kg1 Rhc2 47. Rd6+ Kh7 0-1

[Event "XTX Markets London Masters 2024"]
[Site "London"]
[Date "2024.11.29"]
[Round "1.33"]
[White "Haydon, David L"]
[Black "Tashkinova, Sofiia"]
[Result "1/2-1/2"]
[ECO "E11"]
[WhiteElo "2294"]
[BlackElo "2066"]
[Annotator "RC"]
[PlyCount "172"]
[EventDate "2024.11.28"]
[EventType "swiss"]
[EventCountry "ENG"]
[SourceTitle "playchess.com"]
[Source "ChessBase"]
[SourceQuality "1"]
[TimeControl "40/5400+30:1800+30"]

1. d4 Nf6 2. c4 e6 3. Nf3 Bb4+ 4. Bd2 Qe7 5. Nc3 b6 6. a3 Bxc3 7. Bxc3 Bb7 8. Nd2 d6 9. Qc2 e5 10. d5 a5 11. b3 O-O 12. e4 Bc8 13. Be2 h6 14. O-O Nh7 15. Bd3 Nd7 16. b4 a4 17. Rae1 Ndf6 18. Qd1 g6 19. f4 Nh5 20. fxe5 dxe5 21. Nf3 f6 22. Nh4 Qe8 23. g3 Ng5 24. Re3 Ng7 25. b5 Kh7 26. Bb4 Rf7 27. Nf3 Bh3 28. Rf2 Qd7 29. Nxg5+ hxg5 30. Be2 g4 31. Bf1 Bxf1 32. Qxf1 Ne8 33. Re1 Kg7 34. Qe2 Nd6 35. Qc2 Nb7 36. Ref1 Nd6 37. Kg2 Qc8 38. Rh1 Qd7 39. Rhf1 Qc8 40. Qd3 Qd7 41. Bd2 Rh8 42. Be3 f5 43. exf5 gxf5 44. Bc1 Ne4 45. Re2 Rh5 46. Bb2 Re7 47. Qc2 Qd6 48. Qxa4 Qh6 49. Rh1 Kf6 50. Qb3 Rh3 51. Bc1 f4 52. Rc2 f3+ 53. Kg1 Qh5 54. d6 cxd6 55. Qd3 Qf5 56. Be3 Rb7 57. Qd5 Rb8 58. a4 Kg7 59. Rb2 Rf8 60. Bf2 Rf7 61. a5 bxa5 62. b6 Nc3 63. Qxa5 Ne2+ 64. Kf1 Qd3 65. Ke1 Nc3 66. Qa1 Rh8 67. Qc1 Qe4+ 68. Qe3 Ra8 69. Kd2 Qxe3+ 70. Bxe3 Ne4+ 71. Kd3 Nc5+ 72. Bxc5 dxc5 73. b7 Rb8 74. Rhb1 Rd7+ 75. Ke3 Kf6 76. Rb6+ Kf5 77. R6b5 Rc7 78. R1b2 Rd7 79. Rb6 Rc7 80. R6b5 Rd7 81. Rb6 Rh7 82. R6b5 Rc7 83. Kd3 Rd7+ 84. Ke3 Rc7 85. R5b3 Rd7 86. Rb5 Rc7 1/2-1/2

[Event "XTX Markets London Masters 2024"]
[Site "London"]
[Date "2024.11.29"]
[Round "1.35"]
[White "Richardson, John R"]
[Black "Cancedda-Dupuis, Livio"]
[Result "1/2-1/2"]
[ECO "A23"]
[WhiteElo "2287"]
[BlackElo "2039"]
[Annotator "RC"]
[PlyCount "107"]
[EventDate "2024.11.28"]
[EventType "swiss"]
[EventCountry "ENG"]
[SourceTitle "playchess.com"]
[Source "ChessBase"]
[SourceQuality "1"]
[TimeControl "40/5400+30:1800+30"]

1. c4 e5 2. g3 Nf6 3. Bg2 Bc5 4. Nc3 c6 5. e4 d6 6. Nge2 Be6 7. d3 O-O 8. O-O Nbd7 9. b3 Re8 10. d4 exd4 11. Nxd4 Bg4 12. Qd2 Ne5 13. Bb2 Bxd4 14. Qxd4 Nf3+ 15. Bxf3 Bxf3 16. Rfe1 Ng4 17. Nb1 Ne5 18. Nd2 f6 19. Re3 Bg4 20. f4 Nf7 21. Rae1 Qa5 22. f5 Ne5 23. a3 Bh5 24. b4 Qc7 25. Rc1 b6 26. Kg2 c5 27. Qc3 Bf7 28. b5 a6 29. bxa6 Rxa6 30. Qc2 Qb7 31. Bxe5 Rxe5 32. Nf3 Re8 33. Qd3 h6 34. g4 Rea8 35. Rc3 b5 36. cxb5 Rb6 37. h4 c4 38. Qd4 Rxb5 39. g5 hxg5 40. hxg5 fxg5 41. Kg3 Qe7 42. Rxc4 d5 43. exd5 Qd6+ 44. Qe5 Qxd5 45. Rb4 Qxe5+ 46. Nxe5 Rba5 47. Nxf7 Rxa3 48. Rxa3 Rxa3+ 49. Kg4 Kxf7 50. Rb7+ Kf6 51. Rb6+ Kf7 52. Kxg5 Rg3+ 53. Kf4 Rg1 54. Rb7+ 1/2-1/2

[Event "XTX Markets London Masters 2024"]
[Site "London"]
[Date "2024.11.29"]
[Round "1.36"]
[White "Dasgupta, Avyukt"]
[Black "Yoon, Jacob D"]
[Result "1/2-1/2"]
[ECO "D02"]
[WhiteElo "2034"]
[BlackElo "2270"]
[Annotator "RC"]
[PlyCount "102"]
[EventDate "2024.11.28"]
[EventType "swiss"]
[EventCountry "ENG"]
[SourceTitle "playchess.com"]
[Source "ChessBase"]
[SourceQuality "1"]
[TimeControl "40/5400+30:1800+30"]

1. e4 e6 2. d4 d5 3. exd5 exd5 4. Nf3 c5 5. dxc5 Bxc5 6. Nc3 Be6 7. Bb5+ Nc6 8. O-O Nge7 9. Nd4 O-O 10. Be3 Bd6 11. Bd3 a6 12. Nce2 Qc7 13. h3 Qd7 14. f4 Nf5 15. Bf2 Nfxd4 16. Bxd4 Bf5 17. c3 Be4 18. Bxe4 dxe4 19. f5 Nxd4 20. Qxd4 Qc6 21. Kh1 Bc5 22. Qe5 Rfe8 23. Qf4 Qb5 24. Qg4 Qxb2 25. Ng3 Qxc3 26. Nxe4 Qd4 27. Nxc5 Qxc5 28. f6 g6 29. Rac1 Qd5 30. Rcd1 Qxa2 31. Qf4 Qa3 32. Rd7 Qe3 33. Qc7 Qb3 34. Rf3 Re1+ 35. Kh2 Qe6 36. Re7 Qxe7 37. fxe7 Re8 38. Qxb7 R8xe7 39. Qxa6 h5 40. Qc8+ Re8 41. Qc3 R1e6 42. Qd2 R8e7 43. Kg3 Re4 44. Qd5 R4e6 45. Kf4 h4 46. Kg4 Re4+ 47. Rf4 R4e5 48. Qd8+ Kg7 49. Qd4 f6 50. Qd6 R5e6 51. Qd4 Re5 1/2-1/2

[Event "XTX Markets London Masters 2024"]
[Site "London"]
[Date "2024.11.29"]
[Round "1.38"]
[White "Goh, Jinghan Cameron"]
[Black "Radovanovic, Jovica"]
[Result "1-0"]
[ECO "E68"]
[WhiteElo "2017"]
[BlackElo "2248"]
[Annotator "RC"]
[PlyCount "115"]
[EventDate "2024.11.28"]
[EventType "swiss"]
[EventCountry "ENG"]
[SourceTitle "playchess.com"]
[Source "ChessBase"]
[SourceQuality "1"]
[TimeControl "40/5400+30:1800+30"]

1. d4 Nf6 2. c4 g6 3. g3 Bg7 4. Bg2 O-O 5. Nc3 d6 6. Nf3 Nbd7 7. O-O e5 8. e4 exd4 9. Nxd4 Re8 10. h3 a6 11. Re1 Rb8 12. a4 a5 13. Be3 Nc5 14. Qc2 c6 15. Rad1 Qb6 16. Bf4 Bf8 17. g4 Nfd7 18. Be3 Ne5 19. b3 Bg7 20. Nce2 Qc7 21. Rd2 Qe7 22. Red1 Bf8 23. Ng3 Qc7 24. Kh1 h6 25. f4 Ned7 26. Ndf5 gxf5 27. Nxf5 Re6 28. g5 hxg5 29. Bf3 gxf4 30. Bxf4 Ne5 31. Bxe5 dxe5 32. Bh5 Rf6 33. Rg1+ Kh7 34. Rd7 Bxd7 35. Qg2 Bh6 36. Nxh6 Ne6 37. Nf5 Qd8 38. Bxf7 Qf8 39. Qf2 Rh6 40. Bg8+ Qxg8 41. Nxh6 Qxg1+ 42. Kxg1 Kxh6 43. Qf6+ Kh5 44. Qxe5+ Ng5 45. Qxb8 Nxh3+ 46. Kf1 Ng5 47. Qxb7 Bh3+ 48. Ke1 Kg4 49. Qxc6 Bg2 50. Qc8+ Kg3 51. Qg8 Kf4 52. e5 Bh3 53. Kd1 Bf5 54. Qd8 Nf3 55. Qxa5 Nd4 56. Qc3 Bg4+ 57. Kd2 Nf3+ 58. Kc1 1-0